[Event "Titled Tuesday Blitz January 10 Early 2023"]
[White "Yaran, Siar"]
[Black "Fernandez Garcia, Gumersindo"]
[WhiteFideId "6323006"]
[BlackFideId "24516740"]
[WhiteElo "2191"]
[BlackElo "2093"]
[Result "0-1"]
[Round "04"]
[TimeControl "180+1"]
[Date "2023.01.10"]
[WhiteClock "0:00:01"]
[BlackClock "0:00:13"]

1. e4 c5 2. Nf3 g6 3. d4 cxd4 4. Nxd4 Bg7 5. c4 Nc6 6. Be3 Nf6 7. Nc3 Ng4 8. Qxg4 Nxd4 9. Qd1 Ne6 10. Be2 Bxc3+ 11. bxc3 d6 12. O-O Bd7 13. f4 Bc6 14. f5 Nc5 15. e5 f6 16. exf6 exf6 17. Qd4 O-O 18. Bh6 Rf7 19. Qg4 g5 20. h4 Ne4 21. Bd3 d5 22. Rae1 Kh8 23. cxd5 Qb6+ 24. Kh2 Nf2 25. Qh5 Qc7+ 26. d6 Qxd6+ 27. Kg1 Rc7 28. Rxf2 Qxd3 29. hxg5 Qxc3 30. Rd1 Rg8 31. g6 Ba4 32. Rd6 Qe5 33. Re6 Qa1+ 34. Kh2 Qd4 35. Be3 Qd5 36. Rf3 Bd1 37. g7+ Rcxg7 38. Rxf6 Bxf3 0-1


[Site "https://www.chess.com"]

[Event "Titled Tuesday Blitz January 10 Early 2023"]
[White "Afanasieva, Alexandra"]
[Black "Forgacs, Attila Jr."]
[WhiteFideId "34126926"]
[BlackFideId "773654"]
[WhiteElo "1763"]
[BlackElo "2168"]
[Result "1-0"]
[Round "04"]
[TimeControl "180+1"]
[Date "2023.01.10"]
[WhiteClock "0:00:11"]
[BlackClock "0:00:07"]

1. e4 e5 2. Nf3 Nc6 3. Bb5 a6 4. Ba4 Nf6 5. O-O Be7 6. Re1 b5 7. Bb3 O-O 8. h3 Bb7 9. d3 d6 10. a4 Qd7 11. axb5 axb5 12. Rxa8 Bxa8 13. Nc3 b4 14. Ne2 h6 15. Ng3 Rd8 16. c4 Bf8 17. Be3 Bb7 18. Nh4 Ra8 19. Qf3 Nh7 20. Ngf5 Ne7 21. Qg4 Nxf5 22. Nxf5 Qe6 23. Bxh6 g6 24. Bxf8 Kxf8 25. Qh4 gxf5 26. Qxh7 fxe4 27. dxe4 Ke7 28. Qh4+ Kd7 29. Qg3 Qg6 30. Qf3 Rg8 31. c5 f5 32. Bxg8 Bxe4 33. Qg3 Qxg3 34. fxg3 dxc5 35. h4 c4 36. Bxc4 c5 37. h5 Ke7 38. h6 Kf6 39. Rxe4 fxe4 40. Kf2 Kg6 41. Ke3 Kxh6 42. Kxe4 Kg5 43. Be2 b3 44. Kxe5 c4 45. Kd4 c3 46. Kxc3 Kf5 47. Kxb3 Ke4 48. Kc3 Ke3 49. Bf3 Kf2 50. b4 Ke3 51. b5 Kf2 52. b6 Ke3 53. b7 Kf2 54. b8=Q Ke3 55. Qb6# 1-0


[Site "https://www.chess.com"]

[Event "Titled Tuesday Blitz January 10 Early 2023"]
[White "Topalov, Aleksandar"]
[Black "Alfaro, William"]
[WhiteFideId "925659"]
[BlackFideId "6100457"]
[WhiteElo "2151"]
[BlackElo "2096"]
[Result "0-1"]
[Round "04"]
[TimeControl "180+1"]
[Date "2023.01.10"]
[WhiteClock "0:00:01"]
[BlackClock "0:00:09"]

1. b3 Nf6 2. Bb2 g6 3. Bxf6 exf6 4. c4 Bg7 5. Nc3 f5 6. e3 c5 7. Nge2 Nc6 8. g3 O-O 9. Bg2 d6 10. O-O Be6 11. Nf4 Rb8 12. a3 a6 13. Rb1 Ne5 14. a4 Qa5 15. Nfd5 Nd3 16. Qc2 Nb4 17. Nxb4 Qxb4 18. Rfd1 Rfc8 19. Ne2 b5 20. axb5 axb5 21. d3 g5 22. h3 h6 23. Bf3 Be5 24. g4 f4 25. exf4 gxf4 26. Kg2 Kg7 27. Be4 Qa5 28. Ng1 h5 29. gxh5 Rh8 30. Bf3 Kf6 31. Ne2 Rbg8+ 32. Kh2 b4 33. d4 cxd4 34. Nxd4 Bxd4 35. Rxd4 Rxh5 36. Bd5 Rgh8 37. Bxe6 fxe6 38. Rxf4+ Ke7 39. Rf3 Qe5+ 40. Kg2 Rg8+ 41. Kh1 Rgh8 42. Qd3 R8h7 43. Rd1 Rh4 44. Rg3 Qf4 45. Kg2 Rf7 46. Qe2 Rh6 47. Rdd3 Rhf6 48. Rdf3 Qh6 49. Rxf6 Rxf6 50. Qg4 Rf7 51. Qg5+ Qxg5 52. Rxg5 Kf6 53. Rg3 Ra7 54. Rf3+ Ke5 55. Re3+ Kf5 56. Kg3 Rg7+ 57. Kf3 e5 58. Re2 Rg1 0-1


[Site "https://www.chess.com"]

[Event "Titled Tuesday Blitz January 10 Early 2023"]
[White "Stanojevic, Ilija"]
[Black "Mohota, Nisha"]
[WhiteFideId "959995"]
[BlackFideId "5004330"]
[WhiteElo "2120"]
[BlackElo "2074"]
[Result "1-0"]
[Round "04"]
[TimeControl "180+1"]
[Date "2023.01.10"]
[WhiteClock "0:00:02"]
[BlackClock "0:00:01"]

1. d4 Nf6 2. c4 e6 3. g3 d5 4. Bg2 Be7 5. Nf3 O-O 6. O-O b6 7. Nc3 Bb7 8. Ne5 Nbd7 9. cxd5 exd5 10. Bg5 h6 11. Bxf6 Nxf6 12. Rc1 c5 13. dxc5 bxc5 14. Qb3 Rb8 15. Rfd1 Qc7 16. Nf3 d4 17. Na4 Bxf3 18. Qxf3 Qa5 19. b3 Rbc8 20. Rc2 c4 21. Rdc1 c3 22. Rd1 Rfd8 23. Qd3 Qb4 24. Bh3 Rc7 25. Bg2 g6 26. h4 h5 27. Qa6 Ng4 28. Qd3 Ne5 29. Qe4 Bf6 30. f4 Ng4 31. Rcc1 Ne3 32. Rd3 Re7 33. Qf3 Rde8 34. Kf2 Nxg2 35. Kxg2 Rxe2+ 36. Kh3 Qa3 37. Qd5 1-0


[Site "https://www.chess.com"]

[Event "Titled Tuesday Blitz January 10 Early 2023"]
[White "Mrudul Dehankar"]
[Black "Simonovic, Miroslav"]
[WhiteFideId "25096990"]
[BlackFideId "919152"]
[WhiteElo "2139"]
[BlackElo "2057"]
[Result "1-0"]
[Round "04"]
[TimeControl "180+1"]
[Date "2023.01.10"]
[WhiteClock "0:00:10"]
[BlackClock "0:00:08"]

1. e4 c5 2. Nf3 Nc6 3. d4 cxd4 4. Nxd4 a6 5. Nxc6 bxc6 6. c4 d6 7. Nc3 Nf6 8. Be2 g6 9. O-O Bg7 10. Be3 O-O 11. Qd2 Rb8 12. Rad1 Ng4 13. Bf4 Be6 14. h3 Ne5 15. b3 Qc7 16. Bh6 Rfd8 17. Bxg7 Kxg7 18. f4 Nd7 19. f5 Bxf5 20. exf5 Ne5 21. fxg6 hxg6 22. Ne4 Qb6+ 23. Kh1 d5 24. cxd5 cxd5 25. Ng5 f6 26. Qf4 Rd6 27. Nf3 Nf7 28. Qg3 Rh8 29. Bd3 g5 30. Bb1 Qe3 31. Rfe1 Qc3 32. Rd3 Qb2 33. Nd4 Nh6 34. Rdd1 e5 35. Re2 Qa3 36. Nf5+ Nxf5 37. Bxf5 d4 38. Be4 Qc5 39. Qf3 Rh6 40. Bd3 a5 41. Rf1 Qc7 42. Qe4 Qe7 43. Ref2 Re6 44. Rc1 Rd6 45. Rfc2 Rd7 46. Rc8 Qe6 47. Kh2 f5 48. Qxf5 Qxf5 49. Bxf5 Rf7 50. R8c7 Rf6 51. Rxf7+ Rxf7 52. Bd3 Re7 53. Re1 Kf6 54. Re2 Ke6 55. Kg3 Kd5 56. Be4+ Kd6 57. Kg4 Rg7 58. Kf5 Rf7+ 59. Kxg5 Rf4 60. h4 Rf1 61. h5 Rh1 62. h6 Rh2 63. h7 Kc5 64. Rc2+ Kb4 65. Rc8 Rxg2+ 66. Bxg2 d3 67. h8=Q d2 68. Qf8+ Kb5 69. Qd6 a4 70. Rc5+ Kb4 71. Rc4+ Ka5 72. Rxa4+ Kb5 73. Qc6# 1-0


[Site "https://www.chess.com"]

[Event "Titled Tuesday Blitz January 10 Early 2023"]
[White "Prudnykova, Olga"]
[Black "Fajdetic, Hrvoje"]
[WhiteFideId "14121093"]
[BlackFideId "14501945"]
[WhiteElo "2174"]
[BlackElo "2211"]
[Result "0-1"]
[Round "04"]
[TimeControl "180+1"]
[Date "2023.01.10"]
[WhiteClock "0:00:03"]
[BlackClock "0:00:11"]

1. e4 e6 2. d4 d5 3. Nc3 dxe4 4. Nxe4 Nd7 5. Nf3 Ngf6 6. Bg5 Be7 7. Bxf6 Nxf6 8. Bd3 Nxe4 9. Bxe4 c5 10. Qe2 cxd4 11. O-O-O Bf6 12. g4 h6 13. h4 g6 14. Kb1 Qb6 15. Qd2 Bd7 16. Nxd4 Rd8 17. Nb3 Bc6 18. Qf4 Bg7 19. h5 g5 20. Bxc6+ bxc6 21. Rxd8+ Qxd8 22. Qb4 Qb6 23. Qd6 Bf8 24. Qe5 Rh7 25. Rd1 Be7 26. a4 c5 27. a5 Qb4 28. a6 Qf4 29. Qe2 c4 30. Nd4 Bf6 31. c3 Kf8 32. Nc2 Kg7 33. Ne3 Qe4+ 34. Qc2 Qc6 35. Re1 Qxa6 36. Qe4 Rh8 37. Qxc4 Qb7 38. Kc2 Rb8 39. b3 a5 40. Qd3 a4 41. Kd2 axb3 42. c4 Qb4+ 43. Ke2 b2 44. Rb1 Rd8 45. Qe4 Qd2+ 46. Kf3 Rd4 47. Qb7 Rf4+ 48. Kg3 Qxf2+ 49. Kh3 Qxe3+ 0-1


[Site "https://www.chess.com"]

[Event "Titled Tuesday Blitz January 10 Early 2023"]
[White "Melaugh, Shane"]
[Black "Slovineanu, Viacheslav"]
[WhiteFideId "2509580"]
[BlackFideId "13900510"]
[WhiteElo "2025"]
[BlackElo "2312"]
[Result "1-0"]
[Round "04"]
[TimeControl "180+1"]
[Date "2023.01.10"]
[WhiteClock "0:00:12"]
[BlackClock "0:00:02"]

1. c4 g6 2. Nc3 Bg7 3. g3 d6 4. Bg2 e5 5. e3 Ne7 6. b3 O-O 7. Bb2 Na6 8. Nf3 c6 9. O-O Nc7 10. d4 exd4 11. exd4 d5 12. Ne5 Bxe5 13. dxe5 dxc4 14. Qc1 cxb3 15. Ne4 Ned5 16. Qh6 Ne6 17. Bh3 f5 18. exf6 Nxf6 19. Nxf6+ Rxf6 20. Bxf6 Qxf6 21. axb3 a6 22. Qe3 Ng5 23. Qe8+ Qf8 24. Qxf8+ Kxf8 25. Bxc8 Rxc8 26. f4 Ne6 27. Rad1 Rd8 28. Rxd8+ Nxd8 29. f5 gxf5 30. Rxf5+ Ke7 31. Rh5 Nf7 32. Rxh7 b5 33. Kf2 c5 34. Rh4 Kd6 35. Ke3 a5 36. Kd3 Ne5+ 37. Kc3 b4+ 38. Kc2 Kd5 39. Rh5 Kd4 40. Rh8 Nf3 41. Rd8+ 1-0


[Site "https://www.chess.com"]

[Event "Titled Tuesday Blitz January 10 Early 2023"]
[White "Harshal, Shahi"]
[Black "Solovyov, Semen Ivn"]
[WhiteFideId "5048257"]
[BlackFideId "55662994"]
[WhiteElo "2054"]
[BlackElo "2421"]
[Result "1-0"]
[Round "04"]
[TimeControl "180+1"]
[Date "2023.01.10"]
[WhiteClock "0:00:21"]
[BlackClock "0:00:11"]

1. e4 e5 2. Nf3 Nc6 3. Bc4 Nf6 4. d3 d5 5. exd5 Nxd5 6. O-O Bc5 7. Re1 O-O 8. Nbd2 Re8 9. Ne4 Be7 10. c3 h6 11. h3 Be6 12. b4 f5 13. Ng3 Qd6 14. b5 Na5 15. Nxe5 Bf6 16. d4 Nxc3 17. Bxe6+ Rxe6 18. Qd2 Nxb5 19. Qxa5 Nxd4 20. Bf4 Nc2 21. Rad1 Rxe5 22. Bxe5 Qb4 23. Qxb4 Nxb4 24. Bxf6 gxf6 25. Nxf5 Nc6 26. Rd7 Ne5 27. Rxc7 Re8 28. f4 Nf3+ 29. gxf3 Rxe1+ 30. Kf2 Rb1 31. Nxh6+ Kf8 32. Rf7+ Ke8 33. Rxf6 Rb2+ 34. Kg3 Rxa2 35. Re6+ Kd7 36. f5 Ra1 37. Ng4 a5 38. Ne5+ Kc7 39. f6 Rg1+ 40. Kf4 Rg8 41. f7 Rf8 42. Re7+ Kd6 43. Rd7+ Ke6 44. Rxb7 Ra8 45. Nd7 a4 46. f8=Q 1-0


[Site "https://www.chess.com"]

[Event "Titled Tuesday Blitz January 10 Early 2023"]
[White "Devaev, Alexander"]
[Black "Ciuffoletti, Paolo"]
[WhiteFideId "4169395"]
[BlackFideId "807630"]
[WhiteElo "2225"]
[BlackElo "2143"]
[Result "0-1"]
[Round "04"]
[TimeControl "180+1"]
[Date "2023.01.10"]
[WhiteClock "0:00:01"]
[BlackClock "0:00:02"]

1. d4 d5 2. c4 c6 3. Nf3 Nf6 4. Qc2 g6 5. Bf4 Bg7 6. e3 O-O 7. Bd3 c5 8. dxc5 Qa5+ 9. Nbd2 Na6 10. O-O Nxc5 11. Nb3 Nxb3 12. axb3 Qb6 13. Be5 Bg4 14. Nd4 Rac8 15. Rfc1 dxc4 16. bxc4 a6 17. c5 Qd8 18. h3 Bd7 19. b4 Nd5 20. Bxg7 Kxg7 21. Qb2 Kg8 22. Bc4 Bc6 23. Nxc6 bxc6 24. Rxa6 Qc7 25. Bxd5 cxd5 26. b5 Rb8 27. b6 Qc6 28. Ra7 Rfc8 29. Rxe7 Rxb6 30. cxb6 Qxc1+ 31. Qxc1 Rxc1+ 32. Kh2 Rb1 33. b7 Kg7 34. g4 Kf6 35. Rc7 Ke6 36. Kg3 h6 37. h4 Rb4 38. h5 gxh5 39. gxh5 Rb3 40. Kf4 Rb4+ 41. Kf3 Rb3 42. Kg2 Rb2 43. Kh3 Rb4 44. Kg3 Rb2 45. f3 Rb4 46. Kg2 Rb3 47. Kf2 Rb2+ 48. Kg3 Rb4 49. Rc6+ Ke7 50. Rxh6 Rxb7 51. Ra6 Rb3 52. Kf4 Rb4+ 53. Ke5 Rh4 54. Ra7+ Kf8 55. Kf6 Kg8 56. Kg5 Rh2 57. f4 Re2 58. Ra8+ Kh7 59. Ra7 Kg8 60. Re7 Kf8 61. Re5 Re1 0-1


[Site "https://www.chess.com"]

[Event "Titled Tuesday Blitz January 10 Early 2023"]
[White "Tarnowska, Aleksandra"]
[Black "Rian, Kapriaga"]
[WhiteFideId "1180967"]
[BlackFideId "7103263"]
[WhiteElo "1776"]
[BlackElo "2377"]
[Result "1-0"]
[Round "04"]
[TimeControl "180+1"]
[Date "2023.01.10"]
[WhiteClock "0:00:02"]
[BlackClock "0:00:00"]

1. e4 c6 2. d4 d5 3. Nc3 dxe4 4. Nxe4 Bf5 5. Ng3 Bg6 6. h4 h6 7. h5 Bh7 8. Nf3 Nd7 9. Be3 e6 10. Bd3 Bxd3 11. Qxd3 Qa5+ 12. Bd2 Bb4 13. c3 Be7 14. Bf4 Ngf6 15. Ne5 Nxe5 16. Bxe5 O-O 17. O-O Rfd8 18. Qe2 Nd7 19. Bf4 Nf6 20. Be5 Rd7 21. f4 Rad8 22. f5 exf5 23. Nxf5 c5 24. Qf3 cxd4 25. Nxe7+ Rxe7 26. Bxf6 gxf6 27. Qxf6 Qe5 28. Qxh6 Qe3+ 29. Qxe3 dxe3 30. Rfe1 Rd2 31. Rad1 Rxb2 32. Rd8+ Kg7 33. Rd3 e2 34. Kf2 Rxa2 35. g4 f6 36. Re3 Rxe3 37. Kxe3 Rc2 38. Kd3 Rb2 39. Rxe2 Rb5 40. Kc4 Rb6 41. Re4 Kh6 42. Kd5 Kg5 43. Ra4 a6 44. c4 Rb1 45. c5 Rd1+ 46. Ke6 Re1+ 47. Kd6 Rb1 48. Kc7 Rc1 49. Kb6 Rb1+ 50. Kc7 Rb5 51. Kd6 Rb1 52. Rd4 Rb5 53. Rc4 Rb1 54. Ke6 b6 55. cxb6 Rxb6+ 56. Kf7 1-0


[Site "https://www.chess.com"]

[Event "Titled Tuesday Blitz January 10 Early 2023"]
[White "Cardozo Munar, Carlos Eduardo"]
[Black "Qashashvili, Alexandre"]
[WhiteFideId "4409477"]
[BlackFideId "13600842"]
[WhiteElo "2067"]
[BlackElo "2405"]
[Result "0-1"]
[Round "04"]
[TimeControl "180+1"]
[Date "2023.01.10"]
[WhiteClock "0:00:43"]
[BlackClock "0:00:18"]

1. g3 c6 2. Bg2 d5 3. Nf3 Nf6 4. O-O Bf5 5. d4 Nbd7 6. c3 Ne4 7. Nbd2 Nxd2 8. Bxd2 e6 9. Re1 h6 10. b3 Bd6 11. c4 O-O 12. Qc1 Qe7 13. h4 Bb4 14. Nh2 Bxd2 15. Qxd2 Nf6 16. c5 Ne4 17. Qb2 a5 18. a3 Rfe8 19. b4 axb4 20. axb4 Rxa1 21. Rxa1 e5 22. e3 exd4 23. exd4 Nf6 24. Nf1 Be4 25. b5 Bxg2 26. Kxg2 Qe4+ 27. Kg1 Qe2 28. Qxe2 Rxe2 29. Ra7 Rb2 30. Rxb7 Rxb5 31. Rc7 Rb4 32. Rc8+ Kh7 33. Rxc6 Rxd4 34. Rd6 Rc4 35. c6 d4 36. Nd2 Rc1+ 37. Kg2 Ne8 38. Rd8 Nf6 39. Nb3 Rxc6 40. Nxd4 Ra6 41. Nf3 Ra2 42. Nd2 Ng4 43. f3 Ne3+ 44. Kh3 Nf5 45. g4 Ne7 46. Rd7 Ng6 47. Nc4 Nf4+ 48. Kg3 g5 49. Rxf7+ Kg8 50. Rxf4 gxf4+ 51. Kxf4 Ra4 52. Kf5 Rxc4 53. Kg6 Rc6+ 54. Kh5 Kg7 55. f4 Rf6 56. f5 Rf8 57. g5 Rxf5 58. Kg4 Ra5 59. gxh6+ Kxh6 60. Kf4 Ra4+ 61. Kg3 Kh5 0-1


[Site "https://www.chess.com"]

[Event "Titled Tuesday Blitz January 10 Early 2023"]
[White "Winkels, Marcel"]
[Black "Petrova, Irina"]
[WhiteFideId "1003887"]
[BlackFideId "14124122"]
[WhiteElo "1900"]
[BlackElo "2084"]
[Result "0-1"]
[Round "04"]
[TimeControl "180+1"]
[Date "2023.01.10"]
[WhiteClock "0:00:16"]
[BlackClock "0:00:37"]

1. e4 d6 2. d4 g6 3. Nc3 Bg7 4. Bg5 a6 5. Qd2 b5 6. a3 Bb7 7. Bd3 Nd7 8. f4 c5 9. d5 Ngf6 10. Nf3 O-O 11. O-O c4 12. Be2 Ng4 13. h3 Qb6+ 14. Kh1 Ngf6 15. e5 dxe5 16. fxe5 Nh5 17. Bxe7 Ng3+ 18. Kh2 Nxf1+ 19. Rxf1 Nxe5 20. Bxf8 Nxf3+ 21. Bxf3 Rxf8 22. d6 Be5+ 23. Kh1 Bxf3 24. Rxf3 Qxd6 25. Qxd6 Bxd6 26. Nd5 Be5 27. Nb4 Bxb2 28. Nxa6 Ra8 29. Nc7 Rxa3 30. Rxa3 Bxa3 31. Nxb5 Bc5 32. Nc3 Kg7 33. g4 f5 34. Kg2 Kf6 35. Kf3 Ke5 36. Ne2 Bd6 37. Ke3 Bc5+ 38. Kf3 g5 39. gxf5 Kxf5 40. Ng3+ Ke5 41. Ne4 Be7 42. Nd2 Kd4 43. Ne4 h5 44. Ng3 Kc3 45. Nxh5 Kxc2 46. Ke2 Kb1 47. Ng3 c3 48. Ne4 c2 49. Nd2+ Ka2 0-1


[Site "https://www.chess.com"]

[Event "Titled Tuesday Blitz January 10 Early 2023"]
[White "Guimaraes, Wagner Peixoto"]
[Black "Rosh Jain"]
[WhiteFideId "2100940"]
[BlackFideId "25789465"]
[WhiteElo "2231"]
[BlackElo "2233"]
[Result "0-1"]
[Round "04"]
[TimeControl "180+1"]
[Date "2023.01.10"]
[WhiteClock "0:00:01"]
[BlackClock "0:00:02"]

1. d4 Nf6 2. c4 e6 3. Nf3 d5 4. g3 dxc4 5. Bg2 Nc6 6. O-O Rb8 7. e3 Be7 8. Nfd2 Na5 9. Qc2 b5 10. b3 O-O 11. bxc4 bxc4 12. Nxc4 Nxc4 13. Qxc4 Rb6 14. Qc2 Ba6 15. Rd1 Qb8 16. Nc3 c5 17. Na4 Rb4 18. Nxc5 Bxc5 19. dxc5 Rc4 20. Qb3 Qc7 21. Bf1 Rb8 22. Qa3 Qc6 23. Rd6 Qf3 24. Qxa6 Ne4 25. Rd2 Rxc5 26. Qxa7 Rbc8 27. Bg2 Rxc1+ 28. Rxc1 Rxc1+ 29. Bf1 Rxf1+ 30. Kxf1 Nxd2+ 31. Ke1 g6 32. Kxd2 Qxf2+ 33. Kd1 Qxh2 34. Qa5 Kg7 35. Qc3+ Kg8 36. a3 Qxg3 37. a4 Qf3+ 38. Kd2 Qd5+ 39. Kc2 h5 40. a5 h4 41. Qf6 h3 42. a6 Qc6+ 0-1


[Site "https://www.chess.com"]

[Event "Titled Tuesday Blitz January 10 Early 2023"]
[White "Adam, Ernestina"]
[Black "Player, Edmund C"]
[WhiteFideId "165883"]
[BlackFideId "406520"]
[WhiteElo "1640"]
[BlackElo "2015"]
[Result "1-0"]
[Round "04"]
[TimeControl "180+1"]
[Date "2023.01.10"]
[WhiteClock "0:00:11"]
[BlackClock "0:00:06"]

1. e4 e6 2. d4 d5 3. Nd2 h6 4. c3 c5 5. e5 Nc6 6. Ngf3 Qb6 7. Nb3 cxd4 8. cxd4 a5 9. Be3 a4 10. Nbd2 g5 11. h3 Nge7 12. Bd3 Bg7 13. O-O Bd7 14. b3 a3 15. Qe2 Nb4 16. Rfe1 Nxd3 17. Qxd3 Nc6 18. Nf1 Nb4 19. Qd1 Bb5 20. Ng3 O-O-O 21. Qd2 Bf8 22. Rac1+ Kb8 23. Rc3 Be7 24. Rec1 Rc8 25. Rxc8+ Rxc8 26. Rxc8+ Kxc8 27. Nh5 Bd3 28. Qc1+ Qc7 29. Qxa3 Bg6 30. Nf6 Kb8 31. Qa4 Nc6 32. Qb5 Bxf6 33. exf6 Qd8 34. Ne5 Nxe5 35. dxe5 d4 36. Bd2 Be4 37. Bb4 Bc6 38. Qd3 Qd5 39. Bd6+ Kc8 40. f3 Qa5 41. Qxd4 Qxa2 42. Qb6 1-0


[Site "https://www.chess.com"]

[Event "Titled Tuesday Blitz January 10 Early 2023"]
[White "Rosenberg, Evan S"]
[Black "Lutz, Igor Oscar"]
[WhiteFideId "2019299"]
[BlackFideId "2110806"]
[WhiteElo "2296"]
[BlackElo "1916"]
[Result "1-0"]
[Round "04"]
[TimeControl "180+1"]
[Date "2023.01.10"]
[WhiteClock "0:00:05"]
[BlackClock "0:00:12"]

1. d4 Nf6 2. Nf3 e6 3. g3 d5 4. Bg2 c5 5. O-O Be7 6. dxc5 Bxc5 7. c4 O-O 8. Bg5 dxc4 9. Qxd8 Rxd8 10. Bxf6 gxf6 11. Nfd2 Nc6 12. Bxc6 bxc6 13. Nxc4 Rb8 14. Nc3 Ba6 15. b3 Bxc4 16. bxc4 Bd4 17. Rac1 Bxc3 18. Rxc3 Rb2 19. Ra3 Rdd2 20. Rxa7 Rxa2 21. Rxa2 Rxa2 22. e3 Rc2 23. Rd1 Rxc4 24. Rd7 Rc2 25. Rc7 c5 26. g4 Kg7 27. Kg2 Kg6 28. h4 h6 29. Kg3 c4 30. f3 c3 31. h5+ Kg7 32. Kf4 Rc1 33. Ke4 c2 34. Kf4 e5+ 35. Ke4 Kg8 36. Rc8+ Kg7 37. Rc7 Kf8 38. Kf5 Kg7 39. f4 exf4 40. exf4 Rd1 41. Rxc2 Rd5+ 42. Ke4 Rd1 43. Rc8 Re1+ 44. Kf3 Rf1+ 45. Kg3 Rg1+ 46. Kf3 Rf1+ 47. Ke3 Re1+ 48. Kf2 Rb1 49. Rc4 Rb3 50. Re4 Kf8 51. Re3 Rb2+ 52. Kf3 Rb4 53. Kg3 Kg7 54. Rf3 f5 55. gxf5 Kf6 56. Kg4 Rb1 57. Rg3 Rf1 58. Rg2 Rb1 59. Ra2 Rb5 60. Ra6+ Kg7 61. f6+ Kh7 62. Ra8 Rc5 63. Rf8 Rc7 64. Kf5 Rc5+ 65. Ke4 Rc7 66. Kd5 Ra7 67. Kd6 Ra6+ 68. Ke7 Ra7+ 69. Ke8 Ra8+ 70. Kxf7 Ra7+ 71. Ke8 Ra8+ 72. Ke7 Ra7+ 73. Ke6 Ra6+ 74. Kf5 Ra5+ 75. Kg4 Ra7 76. Re8 Rb7 77. Re7+ 1-0


[Site "https://www.chess.com"]

[Event "Titled Tuesday Blitz January 10 Early 2023"]
[White "Duda, Jan-Krzysztof"]
[Black "Ohanyan, Emin"]
[WhiteFideId "1170546"]
[BlackFideId "13312022"]
[WhiteElo "2724"]
[BlackElo "2444"]
[Result "1-0"]
[Round "04"]
[TimeControl "180+2"]
[Date "2023.01.10"]
[WhiteClock "0:00:32"]
[BlackClock "0:00:05"]

1. e4 e5 2. Nf3 Nc6 3. Bb5 f5 4. d3 fxe4 5. dxe4 Nf6 6. Nc3 Bb4 7. O-O Bxc3 8. bxc3 d6 9. Bc4 Qe7 10. Qd3 Be6 11. Bb3 O-O 12. Ng5 Bxb3 13. axb3 h6 14. Nh3 a6 15. f3 Qe6 16. Nf2 Ne7 17. c4 b6 18. Nd1 Nc6 19. Ne3 a5 20. Bd2 Nd7 21. Nd5 Rac8 22. Be3 Rf7 23. Qd2 Nf8 24. c3 Qg6 25. b4 Ne6 26. Kh1 Kh8 27. h3 Ra8 28. Kh2 Ne7 29. Rfb1 Nxd5 30. cxd5 Nf4 31. bxa5 Rxa5 32. Rxa5 bxa5 33. Ra1 Nh5 34. Qf2 Nf6 35. Qg3 Qh5 36. Rxa5 Kh7 37. c4 Nd7 38. Ra7 Nf8 39. Qg4 Qg6 40. Qxg6+ Nxg6 41. c5 dxc5 42. Bxc5 Kg8 43. Bb4 Nf4 44. Ba5 Rf6 45. Bxc7 Ra6 46. Rxa6 1-0


[Site "https://www.chess.com"]

[Event "Titled Tuesday Blitz January 10 Early 2023"]
[White "Nepomniachtchi, Ian"]
[Black "Alexakis, Dimitris"]
[WhiteFideId "4168119"]
[BlackFideId "4277023"]
[WhiteElo "2794"]
[BlackElo "2436"]
[Result "1-0"]
[Round "04"]
[TimeControl "180+2"]
[Date "2023.01.10"]
[WhiteClock "0:00:38"]
[BlackClock "0:00:02"]

1. e4 c5 2. Nf3 e6 3. d4 cxd4 4. Nxd4 Nc6 5. Nc3 Qc7 6. g4 a6 7. Be3 b5 8. Nxc6 Qxc6 9. Qd2 Bb7 10. O-O-O Nf6 11. f3 b4 12. Ne2 d5 13. e5 Nd7 14. Nd4 Qa4 15. Kb1 Nxe5 16. Bf4 Nc6 17. Nb3 Be7 18. Bd3 Na5 19. Nxa5 Qxa5 20. h4 d4 21. Qe2 O-O 22. g5 Rfd8 23. Rdg1 Bd6 24. Bc1 Qe5 25. Qf2 Qd5 26. Be4 Qb5 27. h5 Bxe4 28. fxe4 d3 29. g6 fxg6 30. hxg6 hxg6 31. Rxg6 dxc2+ 32. Qxc2 Be5 33. Rxe6 Rac8 34. Qb3 Kf8 35. Rh8+ Kf7 36. Rxe5+ Qc4 37. Qf3+ 1-0


[Site "https://www.chess.com"]

[Event "Titled Tuesday Blitz January 10 Early 2023"]
[White "Andreikin, Dmitry"]
[Black "Vakhlamov, Igor L."]
[WhiteFideId "4158814"]
[BlackFideId "24126748"]
[WhiteElo "2729"]
[BlackElo "2413"]
[Result "1-0"]
[Round "04"]
[TimeControl "180+2"]
[Date "2023.01.10"]
[WhiteClock "0:01:13"]
[BlackClock "0:00:13"]

1. d4 d5 2. c4 e6 3. Nf3 Nf6 4. g3 c5 5. cxd5 cxd4 6. Bg2 Bc5 7. O-O O-O 8. Nbd2 exd5 9. Nb3 Bb6 10. Nbxd4 Nc6 11. Bf4 Re8 12. e3 Bg4 13. h3 Nxd4 14. hxg4 Nxf3+ 15. Qxf3 Qd7 16. Rad1 Rad8 17. Bg5 Re6 18. Bxf6 Rxf6 19. Rxd5 Qxd5 20. Qxd5 Rxd5 21. Bxd5 Rd6 22. Bxb7 Rd2 23. b3 Rxa2 24. Rd1 Kf8 25. Rd7 Ke8 26. Bc6 Rc2 27. Ba4 Kf8 28. Bb5 Rc7 29. Rd8+ Ke7 30. Re8+ Kd6 31. Bc4 f6 32. Kg2 a5 33. Re6+ Kc5 34. g5 fxg5 35. Re5+ Kd6 36. Rd5+ Kc6 37. Rxg5 g6 38. e4 Bc5 39. f4 Kd6 40. Rd5+ Ke7 41. e5 Bb4 42. g4 a4 43. f5 gxf5 44. gxf5 a3 45. f6+ Ke8 46. e6 a2 47. Bb5+ Rd7 48. Rxd7 a1=Q 49. Rd6+ Kf8 50. Rd8# 1-0


[Site "https://www.chess.com"]

[Event "Titled Tuesday Blitz January 10 Early 2023"]
[White "Salem, A.R. Saleh"]
[Black "Bacrot, Etienne"]
[WhiteFideId "9301348"]
[BlackFideId "605506"]
[WhiteElo "2677"]
[BlackElo "2667"]
[Result "0-1"]
[Round "04"]
[TimeControl "180+2"]
[Date "2023.01.10"]
[WhiteClock "0:00:18"]
[BlackClock "0:00:50"]

1. d4 d5 2. c4 c6 3. Nf3 Nf6 4. Nc3 e6 5. g3 dxc4 6. Bg2 Nbd7 7. O-O b5 8. e4 Bb7 9. e5 Nd5 10. Ng5 h6 11. Nge4 Qb6 12. a4 a6 13. Qg4 g6 14. Be3 Be7 15. Rfc1 Nxe3 16. fxe3 O-O 17. Rf1 c5 18. Nf6+ Bxf6 19. Bxb7 Qxb7 20. exf6 cxd4 21. Ne4 Qd5 22. Qf4 Kh7 23. exd4 b4 24. Rf2 Rac8 25. Rc1 e5 26. dxe5 Nxe5 27. Rd1 Qxd1+ 0-1


[Site "https://www.chess.com"]

[Event "Titled Tuesday Blitz January 10 Early 2023"]
[White "Bortnyk, Olexandr"]
[Black "Batsuren, Dambasuren"]
[WhiteFideId "14120828"]
[BlackFideId "4902920"]
[WhiteElo "2605"]
[BlackElo "2525"]
[Result "1-0"]
[Round "04"]
[TimeControl "180+2"]
[Date "2023.01.10"]
[WhiteClock "0:01:46"]
[BlackClock "0:00:29"]

1. e4 c6 2. c4 d5 3. cxd5 cxd5 4. exd5 Nf6 5. Qa4+ Nbd7 6. Nc3 g6 7. Bc4 Bg7 8. d3 O-O 9. Nf3 a6 10. Qa3 Rb8 11. Bf4 Ra8 12. O-O Nh5 13. Bg5 Bf6 14. Rfe1 Re8 15. Re3 Rb8 16. Bb3 b5 17. Qb4 a5 18. Qh4 a4 19. Bc2 a3 20. Ne4 axb2 21. Rb1 Bb7 22. g4 Ng7 23. Bb3 h5 24. h3 Bxg5 25. Qxg5 Nf8 26. Rxb2 Nh7 27. Qh6 hxg4 28. Nfg5 Nf8 29. hxg4 Qc8 30. d6 Qc1+ 31. Kh2 Qxb2 32. Bxf7# 1-0


[Site "https://www.chess.com"]

[Event "Titled Tuesday Blitz January 10 Early 2023"]
[White "Anton Guijarro, David"]
[Black "Harsh Suresh"]
[WhiteFideId "2285525"]
[BlackFideId "45018464"]
[WhiteElo "2690"]
[BlackElo "2298"]
[Result "1-0"]
[Round "04"]
[TimeControl "180+2"]
[Date "2023.01.10"]
[WhiteClock "0:00:57"]
[BlackClock "0:00:04"]

1. Nf3 d5 2. c4 c6 3. e3 g6 4. d4 Bg7 5. Nc3 Nf6 6. Be2 O-O 7. O-O Bg4 8. b3 Nbd7 9. h3 Bxf3 10. Bxf3 e6 11. Bb2 Re8 12. Rc1 a6 13. Qc2 b5 14. Rfd1 Qb6 15. Ne2 Bf8 16. Nf4 Rab8 17. Nd3 a5 18. a4 bxa4 19. bxa4 Qb3 20. c5 Qxc2 21. Rxc2 Rb3 22. Bc3 Ra8 23. Ra1 Be7 24. Nc1 Rb7 25. Ra3 Bd8 26. Rb3 Rab8 27. Rcb2 1-0


[Site "https://www.chess.com"]